 Dungeon Crawl Stone Soup version 0.30-a0-728-gc68057be0a (webtiles) character file.

Game seed: 963031234587267263

629 bande the Chopper (level 7, -3/44 HPs)
             Began as a Gargoyle Fighter on Jan 31, 2023.
             Was a Follower of Okawaru.
             Slain by an ogre
             ... wielding a +0 giant club
              (4 damage)
             ... on level 5 of the Dungeon.
             The game lasted 00:06:07 (4613 turns).

bande the Chopper (Gargoyle Fighter)                Turns: 4613, Time: 00:06:08

Health: -3/44      AC: 15    Str: 20    XL:     7   Next: 48%
Magic:  17/17      EV: 12    Int:  6    God:    Okawaru [*.....]
Gold:   348        SH:  4    Dex: 11    Spells: 6/6 levels left

rFire   + + +      SeeInvis .    a - +0 war axe
rCold   + . .      Faith    +    c - +0 buckler
rNeg    + . .      Spirit   .    m - +1 chain mail of Mezcal {rF+++ MP+9 Int-2}
rPois   ∞          Reflect  .    (no helmet)
rElec   +          Harm     .    (no cloak)
rCorr   .          Rampage  .    (no gloves)
Will    .....                    (no boots) Stlth
                                 g - amulet of faith
HPRegen 0.27/turn                o - +5 ring of evasion
MPRegen 0.15/turn                w - ring of protection from cold

@: no status effects
A: sickness immunity, AC +4, negative energy resistance 1, electricity
resistance, torment resistance 1, petrification resistance
a: Renounce Religion, Heroism


You were on level 5 of the Dungeon.
You worshipped Okawaru.
Okawaru was aware of your devotion.
You visited 2 branches of the dungeon, and saw 6 of its levels.

You collected 348 gold pieces.

Inventory:

Hand Weapons
 a - a +0 war axe (weapon)
 q - a +0 flail
 s - a +0 war axe
Armour
 c - a +0 buckler (worn)
 l - a +0 chain mail
 m - the +1 chain mail of Mezcal (worn) {rF+++ MP+9 Int-2}
   (You found it on level 3 of the Dungeon)

   Int:       It affects your intelligence (-2).
   rF:        It renders you almost immune to fire.
   MP:        It affects your magic capacity (+9).
Jewellery
 g - an amulet of faith (around neck)
 j - an amulet of the acrobat
 o - a +5 ring of evasion (left hand)
 w - a ring of protection from cold (right hand)
 x - a ring of protection from cold
Wands
 r - a wand of paralysis (9)
 z - a wand of mindburst (18)
Scrolls
 b - a scroll of amnesia {unknown}
 e - a scroll of torment {unknown}
 h - a scroll of vulnerability {unknown}
 i - 2 scrolls of noise {unknown}
 k - 6 scrolls of identify {unknown}
 y - a scroll of enchant armour {unknown}
Potions
 d - 4 potions of might
 f - 3 potions of curing {unknown}
 n - a potion of ambrosia {unknown}
 p - a potion of mutation {unknown}
 t - 2 potions of brilliance {unknown}
 u - a potion of degeneration {unknown}
 v - a potion of heal wounds {unknown}


   Skills:
 + Level 4.6 Fighting
 + Level 5.1 Axes
 + Level 4.7 Armour
 + Level 4.2 Shields
 * Level 2.1 Invocations
 * Level 1.2 Evocations


You had 6 spell levels left.
You didn't know any spells.
Your spell library contained the following spells:

 Spells                   Type           Power      Damage    Failure   Level
 Magic Dart               Conj           0%         1d3       99%         1
 Searing Ray              Conj           0%         2d4       100%        2
 Fulminant Prism          Conj/Hex       0%         3d5       100%        4


Dungeon Overview and Level Annotations

Branches:
Dungeon (5/15)             Temple (1/1) D:4

Altars:
Dithmenos
Fedhas
Gozag
Kikubaaqudgha
Makhleb
Nemelex Xobeh
Okawaru
Qazlal
Sif Muna
Trog
Uskayaw
Wu Jian
Xom
Yredelemnul

Shops:
D:1 :


Innate Abilities, Weirdness & Mutations

You are immune to sickness and miasma.
Your stone body is resilient. (AC +4)
You are immune to poison.
You resist negative energy. (rN+)
You are resistant to electric shocks. (rElec)
You are resistant to unholy torment.
You are immune to petrification.


Message History

The scorpion stings you but does no damage.
You block the scorpion's attack.
You slash the scorpion!
You kill the scorpion!
Okawaru accepts your kill.
No target in view!
No target in view!
No target in view!
No target in view!
No target in view!
You see here a scorpion corpse.
You open the door.
The quasit gives a chilling moan.
You hear a chilling moan. x2
There is an open door here.
An ogre comes into view. It is wielding a +0 giant club.
The ogre shouts!
An ogre is nearby!
You slash the ogre!
The ogre is moderately wounded.
The ogre hits you with a +0 giant club!
You barely miss the ogre.
The ogre is moderately wounded.
The ogre hits you with a +0 giant club!
You hit the ogre but do no damage.
The ogre is moderately wounded.
You barely miss the ogre.
The ogre is moderately wounded.
The ogre hits you with a +0 giant club!
* * * LOW HITPOINT WARNING * * *
You hit the ogre but do no damage.
The ogre is moderately wounded.
The ogre barely misses you.
You hit the ogre but do no damage.
The ogre is moderately wounded.
The ogre hits you with a +0 giant club.
* * * LOW HITPOINT WARNING * * *
You slash the ogre!
The ogre is severely wounded.
The ogre hits you with a +0 giant club.
You die...

#........#....#....#
#....
###..[.....#....#....#
#....
............#....#....#
#....
#...........)#....#....#
#....
#....##+#....#....#....#
#.... #....
#....#....#....# #....
#.... #....+....#....#
##### #...
#....#....#..†.#
#....#.@..#.<..#
#....#.O..#....#
#....#....# #....#....#
#....#....# #....#....#
#....#....# .....#....#
#....#


You could see an ogre.

Vanquished Creatures
  A black bear (D:5)
  A centaur (D:4)
  An ogre (D:4)
  2 scorpions
  A hound (D:4)
  Terence (D:3)
  An orc wizard (D:5)
  8 adders
  3 worms
  4 dart slugs
  5 orcs
  7 endoplasms
  3 giant cockroaches
  4 hobgoblins
  8 jackals
  13 kobolds
  2 quokkas (D:1)
  4 ball pythons
  2 bats
  5 frilled lizards
  4 goblins
  10 rats
  3 bushes (D:3)
93 creatures vanquished.

Notes
Turn   | Place    | Note
-------+----------+-------------------------------------------
     0 | D:1      | bande the Gargoyle Fighter began the quest for the Orb.
     0 | D:1      | Reached XP level 1. HP: 14/14 MP: 1/1
   236 | D:1      | Reached XP level 2. HP: 17/19 MP: 2/2
   255 | D:1      | Found Buxzacre's Book Shop.
   257 | D:1      | Reached skill level 2 in Axes
   683 | D:2      | Reached XP level 3. HP: 23/23 MP: 3/3
   775 | D:2      | Found a burning altar of Makhleb.
   907 | D:2      | Reached XP level 4. HP: 27/29 MP: 4/4
   928 | D:2      | You fall into a shaft and drop 2 floors!
   976 | D:3      | Found an opulent altar of Gozag.
  1249 | D:3      | Found an ornate altar of the Wu Jian Council.
  1267 | D:3      | Identified the +1 chain mail of Mezcal {rF+++ MP+9 Int-2}
  1505 | D:3      | Found a shadowy altar of Dithmenos.
  1604 | D:3      | Noticed Terence
  1611 | D:3      | Killed Terence
  1612 | D:3      | Reached skill level 3 in Axes
  1829 | D:3      | Reached XP level 5. HP: 32/33 MP: 5/5
  2542 | D:4      | Found a staircase to the Ecumenical Temple.
  2560 | Temple   | Entered the Ecumenical Temple
  2638 | Temple   | Became a worshipper of Warmaster Okawaru
  2703 | D:4      | Reached skill level 4 in Axes
  2865 | D:4      | Reached XP level 6. HP: 38/38 MP: 6/6
  2881 | D:4      | Reached skill level 1 in Invocations
  3154 | D:4      | Reached * piety under Okawaru
  3409 | D:4      | Reached XP level 7. HP: 44/44 MP: 8/8
  3431 | D:4      | Found a shimmering blue altar of Sif Muna.
  3752 | D:5      | Entered Level 5 of the Dungeon
  4168 | D:5      | Reached skill level 5 in Axes
  4168 | D:5      | Reached skill level 1 in Evocations
  4612 | D:5      | HP: 1/44 [ogre/+0 giant club (5)]
  4613 | D:5      | Slain by an ogre

Illustrated notes

Levels and vault maps discovered:
D:1:      sevenhm_arrival_forest_fort_small_4, layout_basic, serial_shops,
          nicolae_shop_stone, grunt_decor_fettered,
          chequers_serial_rivers_micro_c
D:2:      kennysheep_big_flooded_room, layout_basic, basic_altar
D:3:      layout_loops_ring, nicolae_gozag_seed_capital,
          nicolae_dithmenos_through_a_glass_darkly,
          mainiacjoe_overflow_small_starburst, amcnicky_mini_pool_small,
          minmay_hedge_maze, chequers_garden, uniq_terence
D:4:      layout_loops_ring, nicolae_overflow_hidden_temple,
          minmay_temple_entry_mist, grunt_decor_one_mirror, st_stairs_7,
          minmay_cut_off
D:5:      cheibrodos_quashed, layout_gridville
Temple:   bh_familiar_temple

Skill      XL: |  1  2  3  4  5  6  7 |
---------------+----------------------+-----
Axes           | 2 3 4 5 |  5.1
Fighting       | 4 |  4.6
Armour         | 4 |  4.7
Shields        | 4 |  4.2
Invocations    | 1 2 |  2.1
Evocations     | 1 |  1.2

Action                     |  1- 3 |  4- 6 |  7- 9 || total
---------------------------+-------+-------+-------++-------
  Melee: War axe           |    78 |   236 |    44 ||   358
 Armour: Scale mail        |    54 |       |       ||    54
         Chain mail        |       |    73 |    29 ||   102
  Dodge: Dodged            |    39 |    93 |    22 ||   154
  Block: Buckler           |    19 |    45 |    10 ||    74

Table legend: (Time is in decaauts)
 A = Elapsed time spent in this place.
 B = Non-inter-level travel time spent in this place.
 C = Inter-level travel time spent in this place.
 D = Time resting spent in this place.
 E = Time spent auto-exploring this place.
 F = Levels seen in this place.
 G = Mean time per level.
                   A        B        C        D        E       F      G
               +--------+--------+--------+--------+--------+-----+--------+
         Total |   4764 |   4325 |    439 |    503 |   2885 |   6 |  794.0 |
       Dungeon |   4637 |   4224 |    413 |    503 |   2795 |   5 |  927.4 |
        Temple |    126 |    100 |     26 |      0 |     90 |   1 |  126.0 |
               +--------+--------+--------+--------+--------+-----+--------+

Top non-repeatable levels by time:
     D:3: 1288 daAuts
     D:4: 1200 daAuts
     D:5: 863 daAuts
     D:1: 668 daAuts
     D:2: 617 daAuts
  Temple: 126 daAuts
